 Dungeon Crawl Stone Soup version 0.29-a0-559-g359e09b9d1 (console) character file.

Game seed: 10907894548884817958

19095 om the Executioner (level 12, 0/154 HPs)
             Began as a Minotaur Fighter on June 9, 2022.
             Was an Initiate of Gozag.
             Slain by Saint Roka
             ... wielding a +0 war axe
              (17 damage)
             ... on level 1 of the Orcish Mines.
             The game lasted 00:30:06 (15225 turns).

om the Executioner (Minotaur Fighter)              Turns: 15225, Time: 00:30:08

Health: 0/154      AC: 15    Str: 25    XL:     12   Next: 33%
Magic:  11/11      EV: 19    Int:  5    God:    Gozag
Gold:   2551       SH:  5    Dex: 17    Spells: 11/11 levels left

rFire   . . .      SeeInvis .   y - +8 exec axe {freezing cloud, *Noise Fly rC+}
rCold   + . .      Faith    .   (shield currently unavailable)
rNeg    . . .      Spirit   .   G - +0 swamp dragon scales
rPois   +          Reflect  +   (helmet restricted)
rElec   .          Harm     .   (no cloak)
rCorr   .          Rampage  .   r - +2 pair of gloves
Will    .....                   D - +1 pair of boots
Stlth   ..........              q - amulet of reflection
HPRegen 0.35/turn               m - +4 ring of evasion
MPRegen 0.12/turn               v - +6 ring of dexterity

@: berserking (expiring), flying, very quick
A: horns 2, retaliatory headbutt
a: Renounce Religion, Potion Petition, Call Merchant, Bribe Branch


You were on level 1 of the Orcish Mines.
You worshipped Gozag.
Gozag was most pleased with you.
You visited 2 branches of the dungeon, and saw 14 of its levels.

You collected 3727 gold pieces.
You spent 1176 gold pieces at shops.

Inventory:

Hand Weapons
 a - a +1 war axe
 y - the +8 frozen axe "Frostbite" (weapon) {freezing cloud, *Noise Fly rC+}
   (You found it on level 2 of the Dungeon)

   It freezes those it strikes, dealing additional cold damage.
   It can also slow down cold-blooded creatures.
   It occasionally leaves clouds of freezing vapour upon striking a foe.
   It grants immunity to clouds of freezing vapour.
   rC:        It protects you from cold.
   Fly:       It grants you flight.
   *Noise:    It may make noises in combat.
 E - a +2 flail of protection
Armour
 r - a +2 pair of gloves (worn)
 D - a +1 pair of boots (worn)
 G - +0 swamp dragon scales (worn)
Jewellery
 m - a +4 ring of evasion (left hand)
 q - an amulet of reflection (around neck)
 v - a +6 ring of dexterity (right hand)
Wands
 c - a wand of paralysis (6)
 j - a wand of acid (12)
 u - a wand of flame (17)
 x - a wand of charming (5)
 H - a wand of polymorph (8)
Scrolls
 d - 3 scrolls of blinking
 e - a scroll of fear
 g - 6 scrolls of teleportation
 n - a scroll of enchant weapon
 t - 4 scrolls of amnesia
 w - a scroll of silence
 A - a scroll of summoning
 B - 3 scrolls of identify
 F - 2 scrolls of fog
Potions
 b - a potion of haste {unknown}
 f - 2 potions of brilliance
 h - 8 potions of curing
 i - a potion of heal wounds
 k - 6 potions of lignification
 l - 3 potions of magic
 o - 4 potions of attraction
 p - a potion of experience {unknown}
 s - 8 potions of ambrosia
 C - 4 potions of might


   Skills:
 + Level 8.9 Fighting
 + Level 21.0 Axes
 * Level 8.6 Armour
 * Level 8.1 Dodging
 - Level 5.0 Shields
 - Level 5.0 Evocations


You had 11 spell levels left.
You didn't know any spells.
Your spell library contained the following spells:

 Spells                   Type           Power      Damage    Failure   Level
 Ensorcelled Hibernation  Hex/Ice        0%         N/A       75%         2
 Passwall                 Tmut/Erth      0%         N/A       75%         2
 Ozocubu's Armour         Ice            0%         N/A       92%         3
 Swiftness                Air            0%         N/A       92%         3
 Anguish                  Hex/Necr       0%         N/A       100%        4
 Freezing Cloud           Conj/Ice/Air   0%         6-21      100%        5
 Enfeeble                 Hex            0%         N/A       100%        7
 Ozocubu's Refrigeration  Ice            0%         4d5       100%        7
 Polar Vortex             Ice            0%         N/A       100%        9
 Simulacrum               Ice/Necr       Unusable   N/A       N/A         6

Dungeon Overview and Level Annotations

Branches:
Dungeon (12/15)            Temple (0/1) D:5            Lair (0/6) D:9
    Orc (2/2) D:12            Elf (0/3) Orc:2

Altars:
Cheibriados
Gozag
Kikubaaqudgha
Nemelex Xobeh
Okawaru
Qazlal
Ru
Trog
Vehumet
Wu Jian
Xom
Yredelemnul
The Shining One

Shops:
D:3 :   D:10 *

Annotations:
D:4 1 runed translucent door
D:11 1 runed translucent door, frimble's ghost, journeyman MeIE
Orc:1 Saint Roka


Innate Abilities, Weirdness & Mutations

You have a pair of horns on your head.
You reflexively headbutt those who attack you in melee.


Message History

You kill the orc priest!
You barely miss Saint Roka.
Saint Roka is lightly wounded.
Saint Roka closely misses you. You furiously retaliate!
You headbutt Saint Roka, but do no damage.
You barely miss Saint Roka.
Saint Roka is lightly wounded.
Saint Roka invokes the aid of Beogh against you.
Beogh smites you!
You barely miss Saint Roka.
You hear the raging winds of a blizzard.
Saint Roka is lightly wounded.
You barely miss Saint Roka.
Saint Roka is lightly wounded.
Saint Roka calls down the wrath of Beogh upon you.
Beogh smites you!
You slash Saint Roka! You freeze Saint Roka.
Saint Roka is lightly wounded.
You slice Saint Roka!! You freeze Saint Roka.
Saint Roka is moderately wounded.
Saint Roka is engulfed in freezing vapours.
Saint Roka hits you with a +0 war axe!!
* * * LOW HITPOINT WARNING * * *
You hit Saint Roka. You headbutt Saint Roka.
Saint Roka is moderately wounded.
Saint Roka is engulfed in freezing vapours.
Saint Roka hits you with a +0 war axe!!
* * * LOW HITPOINT WARNING * * *
You are too berserk!
You slice Saint Roka!! You freeze Saint Roka.
Saint Roka is heavily wounded.
You slice Saint Roka!! You freeze Saint Roka.
Saint Roka is severely wounded.
You chop Saint Roka into pieces!!! You freeze Saint Roka.
You headbutt Saint Roka, but do no damage.
Saint Roka is almost dead.
Saint Roka is engulfed in freezing vapours.
Saint Roka hits you with a +0 war axe!
You die...
Your body crumbles into a pile of gold.

############
######...#....#.##
##.#.#............#
#.................###
##....##..........#..##
#......^..#...$.......#
##.#..........$@$.#..##
#####.#.......[o.##.##
##...............#
##...#.##......##
##.#####.......# ###
##.......## #.......##
######...#.##
##.##........##


You could see Saint Roka.

Vanquished Creatures
  A hydra (D:12)
  A boulder beetle (D:12)
  Erolcha (D:11)
  3 two-headed ogres
  An orc knight (Orc:1)
  2 cyclopes
  An ugly thing (D:11)
  A gargoyle (D:12)
  A komodo dragon (D:12)
  An unseen horror (D:12)
  Maggie (D:7)
  A queen bee (D:9)
  3 trolls
  5 slime creatures (D:11)
  4 wraiths
  9 yaks
  4 shadows
  2 vampires
  A wyvern (D:11)
  3 steam dragons
  A warg (Orc:1)
  3 acid dragons
  2 water moccasins
  11 orc warriors
  2 black bears
  2 ice beasts
  A sky beast (D:6)
  4 ogres
  2 centaurs
  3 wolves (D:9)
  A phantom (D:6)
  3 kobold brigands
  2 bullfrogs
  A gnoll sergeant (D:9)
  A scorpion (D:5)
  14 wights
  32 killer bees
  6 howler monkeys
  2 vampire bats (D:9)
  3 electric eels (D:9)
  A jelly (D:7)
  A crimson imp (D:8)
  10 orc priests
  A gnoll shaman (D:9)
  4 hounds
  A human zombie (D:4)
  2 iguanas
  20 orc wizards
  14 gnolls
  10 adders
  3 shadow imps
  An ufetubus (D:6)
  2 worms
  2 dart slugs
  51 orcs
  6 ball pythons
  3 bat skeletons (D:9)
  4 bat zombies (D:9)
  7 endoplasms
  4 giant cockroaches
  13 hobgoblins
  2 jackals (D:3)
  18 kobolds
  4 quokkas
  4 bats
  4 goblins
  2 goblin zombies (D:8)
  3 hobgoblin zombies (D:8)
  A jackal zombie (D:4)
  A kobold skeleton (D:8)
  A kobold zombie (D:8)
  4 rats
346 creatures vanquished.

Vanquished Creatures (collateral kills)
  2 yaks (D:10)
  A killer bee (D:10)
3 creatures vanquished.

Vanquished Creatures (others)
  A sky beast (D:6)
  An orc (D:7)
  A kobold (D:7)
  A fungus (D:1)
4 creatures vanquished.

Grand Total: 353 creatures vanquished

Notes
Turn   | Place    | Note
-------+----------+-------------------------------------------
     0 | D:1      | om the Minotaur Fighter began the quest for the Orb.
     0 | D:1      | Reached XP level 1. HP: 19/19 MP: 0/0
    72 | D:1      | Found a faded altar of an unknown god.
    86 | D:1      | Reached XP level 2. HP: 11/26 MP: 1/1
   293 | D:1      | Reached skill level 3 in Axes
   320 | D:1      | Prayed at the altar of an unknown god.
   320 | D:1      | Became a worshipper of Gozag Ym Sagoz the Greedy
   438 | D:1      | Reached skill level 1 in Dodging
   822 | D:2      | Reached XP level 3. HP: 31/31 MP: 2/2
   998 | D:2      | Found a shimmering altar of Xom.
  1207 | D:2      | Found the +8 frozen axe "Frostbite" {freezing cloud, *Noise
                  | Fly rC+}
  1275 | D:2      | Reached XP level 4. HP: 25/39 MP: 3/3
  1675 | D:3      | Found a sparkling altar of Nemelex Xobeh.
  1696 | D:3      | Reached skill level 4 in Axes
  1746 | D:3      | Found Nochuu's Book Boutique.
  1989 | D:3      | Found a stormy altar of Qazlal.
  2073 | D:3      | Reached XP level 5. HP: 23/45 MP: 4/4
  2723 | D:4      | Found a runed translucent door.
  2723 | D:4      | Noticed a human
  2725 | D:4      | Found a basalt altar of Yredelemnul.
  2731 | D:4      | Noticed a black bear
  2739 | D:4      | Killed a black bear
  2740 | D:4      | Reached skill level 5 in Axes
  2740 | D:4      | Reached XP level 6. HP: 30/51 MP: 5/5
  2748 | D:4      | Reached skill level 5 in Armour
  2748 | D:4      | Reached skill level 5 in Shields
  3891 | D:5      | Entered Level 5 of the Dungeon
  3897 | D:5      | Noticed a water moccasin
  3906 | D:5      | Killed a water moccasin
  3907 | D:5      | Reached skill level 6 in Axes
  4029 | D:5      | Reached XP level 7. HP: 56/57 MP: 6/6
  4329 | D:5      | Found a staircase to the Ecumenical Temple.
  4368 | D:5      | Found an ornate altar of the Wu Jian Council.
  5077 | D:5      | Reached skill level 7 in Axes
  5373 | D:6      | Noticed a steam dragon
  5383 | D:6      | Reached skill level 8 in Axes
  5383 | D:6      | Reached skill level 5 in Dodging
  5576 | D:6      | Killed a steam dragon
  5577 | D:6      | Reached XP level 8. HP: 67/67 MP: 7/7
  5587 | D:6      | Reached skill level 5 in Fighting
  5746 | D:6      | Reached skill level 1 in Evocations
  6080 | D:6      | Found a shimmering altar of Xom.
  6440 | D:7      | Reached skill level 9 in Axes
  6448 | D:7      | Identified the +7 long sword of Qaneost {venom, Str+2}
  6506 | D:7      | Noticed Maggie
  6517 | D:7      | Killed Maggie
  6518 | D:7      | Reached skill level 5 in Evocations
  6518 | D:7      | Reached XP level 9. HP: 58/75 MP: 8/8
  6768 | D:7      | Found an iron altar of Okawaru.
  6877 | D:3      | Bought a manual of Axes for 960 gold pieces
  7297 | D:8      | Reached skill level 10 in Axes
  7315 | D:8      | Reached skill level 11 in Axes
  7500 | D:8      | Reached skill level 12 in Axes
  7688 | D:8      | Found a glowing golden altar of the Shining One.
  7720 | D:8      | Found an opulent altar of Gozag.
  7875 | D:8      | Reached skill level 13 in Axes
  8303 | D:8      | Reached skill level 14 in Axes
  8633 | D:9      | Reached skill level 15 in Axes
  8633 | D:9      | Reached XP level 10. HP: 40/86 MP: 9/9
  8875 | D:9      | Found a staircase to the Lair.
  9081 | D:9      | Reached skill level 16 in Axes
  9674 | D:9      | Reached skill level 17 in Axes
  9702 | D:9      | Reached skill level 18 in Axes
 10036 | D:9      | Found an ancient bone altar of Kikubaaqudgha.
 10159 | D:9      | Noticed a two-headed ogre
 10162 | D:9      | Killed a two-headed ogre
 10163 | D:9      | Reached skill level 19 in Axes
 10209 | D:10     | Entered Level 10 of the Dungeon
 10283 | D:10     | Reached XP level 11. HP: 92/92 MP: 10/10
 10522 | D:10     | Found a sacrificial altar of Ru.
 10558 | D:10     | Found Zineusti's Changing Room.
 10829 | D:10     | Bought a wand of polymorph (2) for 48 gold pieces
 10829 | D:10     | Bought a potion of mutation for 96 gold pieces
 10829 | D:10     | Bought a potion of lignification for 36 gold pieces
 10829 | D:10     | Bought a potion of lignification for 36 gold pieces
 11122 | D:10     | Found a bloodstained altar of Trog.
 11125 | D:10     | Found a snail-covered altar of Cheibriados.
 11128 | D:10     | Found a radiant altar of Vehumet.
 11203 | D:11     | Reached skill level 20 in Axes
 11434 | D:11     | Found a runed translucent door.
 11434 | D:11     | Found a shimmering altar of Xom.
 11434 | D:11     | Noticed frimble's ghost (journeyman MeIE)
 11434 | D:11     | Noticed a +1 scimitar of chaos
 11679 | D:11     | Noticed a white ugly thing
 11686 | D:11     | Killed a white ugly thing
 11728 | D:11     | Noticed Erolcha
 11740 | D:11     | Noticed a two-headed ogre
 12124 | D:11     | Killed Erolcha
 12417 | D:11     | Killed a two-headed ogre
 12703 | D:12     | Found a staircase to the Orcish Mines.
 12830 | D:12     | Noticed a two-headed ogre
 12836 | D:12     | Killed a two-headed ogre
 13212 | D:12     | Noticed an eight-headed hydra
 13219 | D:12     | Killed a nine-headed hydra
 13308 | D:12     | Reached XP level 12. HP: 48/103 MP: 11/11
 13652 | D:12     | Noticed a boulder beetle
 13666 | D:12     | Killed a boulder beetle
 14102 | Orc:1    | Entered Level 1 of the Orcish Mines
 14412 | Orc:2    | Entered Level 2 of the Orcish Mines
 14437 | Orc:2    | Reached skill level 21 in Axes
 14606 | Orc:2    | Found a staircase to the Elven Halls.
 14782 | Orc:2    | Noticed Saint Roka
 15225 | Orc:1    | Slain by Saint Roka

Illustrated notes

Levels and vault maps discovered:
D:1:      lightli_arrival_isolated_outpost, layout_basic,
          shapermc_ecumenical_altar_acropolis
D:2:      layout_basic, basic_altar
D:3:      layout_rooms, mainiacjoe_overflow_24_doors,
          mainiacjoe_overflow_surrounded_room, serial_shops, shop
D:4:      layout_layer_cave, dk_yredelemnul_ordeal, enter_ossuary_2,
          feat_on_display
D:5:      layout_layer_cave, nzn_wu_jian_contemplation, temple_fountains
D:6:      layout_gridville, overflow_temple_1_default
D:7:      layout_rooms, mainiacjoe_overflow_six_doors_small, uniq_maggie
D:8:      layout_loops_cross, nicolae_tso_besieged_by_evil,
          amcnicky_altar_gilded
D:9:      layout_roguey [special_room_bee], kennysheep_vampire_church,
          erik_lair_island
D:10:     layout_long_grid, hangedman_ru_absence, grunt_temple_overflow_diamond,
          nicolae_transmutations_shop
D:11:     layout_irregular_city, ebering_ghost_xom, uniq_erolcha
D:12:     nicolae_cairo_tiling_large, layout_long_grid
Orc:1:    layout_caves
Orc:2:    grunt_orc_cross, layout_caves

Skill      XL: |  1  2  3  4  5  6  7  8  9 10 11 12 |
---------------+-------------------------------------+-----
Axes           | 3 4 5 6 8 9 15 19 20 21 | 21.0
Dodging        | 1 2 3 5 7 8 |  8.1
Armour         | 4 5 7 8 |  8.6
Shields        | 4 5 |  5.0
Fighting       | 4 5 7 8 |  8.9
Evocations     | 5 |  5.0

Action                   |  1- 3 |  4- 6 |  7- 9 | 10-12 || total
-------------------------+-------+-------+-------+-------++-------
Melee: War axe           |    74 |   136 |   150 |       ||   360
       Headbutt          |     5 |    26 |    30 |    46 ||   107
       Executioner's axe |       |       |    65 |   303 ||   368
Evoke: Wand              |       |     2 |       |     3 ||     5
  Use: Scroll            |     5 |     4 |     6 |     8 ||    23
       Potion            |       |       |     3 |     3 ||     6
 Stab: Distracted        |       |       |     3 |     2 ||     5
Armor: Scale mail        |    36 |    48 |    54 |    27 ||   165
       Skin              |       |       |       |    16 ||    16
       Swamp dragon scal |       |       |       |    32 ||    32
Dodge: Dodged            |    49 |    65 |   132 |   158 ||   404
Block: Buckler           |    20 |    48 |    64 |       ||   132
       Reflection        |       |     1 |     4 |     5 ||    10
       Other             |       |       |    14 |    57 ||    71

Table legend: (Time is in decaauts)
 A = Elapsed time spent in this place.
 B = Non-inter-level travel time spent in this place.
 C = Inter-level travel time spent in this place.
 D = Time resting spent in this place.
 E = Time spent auto-exploring this place.
 F = Levels seen in this place.
 G = Mean time per level.
                   A        B        C        D        E       F      G
               +--------+--------+--------+--------+--------+-----+--------+
         Total |  15343 |  13993 |   1350 |   1647 |   9790 |  14 | 1095.9 |
       Dungeon |  14233 |  12921 |   1312 |   1271 |   9349 |  12 | 1186.1 |
  Orcish Mines |   1109 |   1071 |     38 |    376 |    441 |   2 |  554.5 |
               +--------+--------+--------+--------+--------+-----+--------+

Top non-repeatable levels by time:
     D:9: 1894 daAuts
     D:4: 1671 daAuts
    D:11: 1510 daAuts
     D:5: 1411 daAuts
     D:8: 1271 daAuts
     D:6: 1262 daAuts
    D:12: 1025 daAuts
     D:3: 885 daAuts
    D:10: 864 daAuts
     D:2: 836 daAuts
     D:1: 833 daAuts
     D:7: 764 daAuts
   Orc:1: 763 daAuts
   Orc:2: 346 daAuts
